 Dungeon Crawl Stone Soup version 0.31-a0-1074-g0b22e4e0f1 (webtiles) character file.

Game seed: 17381316283429225557

11913 Lobster4 the Nimble (level 11, -17/79 HPs)
             Began as a Merfolk Ice Elementalist on Nov 28, 2023.
             Was a Believer of Uskayaw.
             Demolished by a shadow (28 damage)
             ... on level 11 of the Dungeon.
             The game lasted 00:50:20 (11945 turns).

Lobster4 the Nimble (Merfolk Ice Elementalist)     Turns: 11945, Time: 00:50:21

Health: -17/79     AC: 21    Str: 11    XL:     11   Next: 85%
Magic:  17/18      EV: 17    Int: 16    God:    Uskayaw [**....]
Gold:   372        SH:  5    Dex: 15    Spells: 13/20 levels left

rFire   . . .        j - +5 trident (freeze)
rCold   . . .        (no shield)
rNeg    + . .        P - +0 steam dragon scales
rPois   +            r - +0 helmet
rElec   .            x - scarf of Activism {+Inv, rPois rN+ Slay+5}
rCorr   .            y - +1 pair of gloves
SInv    .            n - +0 pair of boots
Will    +....        k - amulet of reflection
Stlth   ++           g - +4 ring of protection
HPRegen 0.33/turn    a - ring of willpower
MPRegen 0.16/turn

%: reflection
@: ice-armoured
A: (nimble swimmer 2), mertail
a: Renounce Religion, Evoke Invisibility, Stomp, Line Pass


You were on level 11 of the Dungeon.
You worshipped Uskayaw.
Uskayaw was noncommittal.
You visited 2 branches of the dungeon, and saw 12 of its levels.
You also visited: Sewer.

You collected 840 gold pieces.
You spent 468 gold pieces at shops.

Inventory:

Hand Weapons
 f - a +4 short sword
 j - a +5 trident of freezing (weapon)
 q - a +2 short sword of venom
 u - a +0 sling
 z - a +0 spear of protection
 M - a +5 arbalest of freezing
 Q - a +0 trident of venom
Missiles
 c - 17 boomerangs (quivered)
 s - a curare-tipped dart
 A - a javelin
 D - 16 poisoned darts
Armour
 n - a +0 pair of boots (worn)
 r - a +0 helmet (worn)
 x - the scarf of Activism (worn) {+Inv, rPois rN+ Slay+5}
   (You acquired it on level 7 of the Dungeon)

   Slay+5:    It affects your accuracy & damage with ranged weapons and melee
   (+5).
   rPois:     It protects you from poison rN+: It protects you from negative
   energy.
 y - a +1 pair of gloves (worn)
 P - +0 steam dragon scales (worn)
Jewellery
 a - a ring of willpower (right hand)
 g - a +4 ring of protection (left hand)
 i - an amulet of regeneration
 k - an amulet of reflection (around neck)
Talismans
 m - a flux talisman
 T - a granite talisman
Wands
 d - a wand of light (4)
 G - a wand of iceblast (11)
 H - a wand of polymorph (11)
 I - a wand of paralysis (8)
 J - a wand of digging (6)
 L - a wand of mindburst (11)
 S - a wand of flame (11)
Scrolls
 p - a scroll of fear
 B - 3 scrolls of revelation
 E - a scroll of fog
 K - 4 scrolls of teleportation
 R - a scroll of enchant armour
Potions
 b - a potion of magic
 e - 2 potions of attraction
 h - 5 potions of curing
 l - a potion of might
 t - 3 potions of haste
 v - a potion of lignification
 C - 2 potions of invisibility
 F - a potion of mutation
 O - a potion of brilliance


   Skills:
 - Level 5.0 Fighting
 - Level 2.0 Short Blades
 + Level 7.4 Polearms
 - Level 1.0 Ranged Weapons
 - Level 1.0 Throwing
 - Level 3.0 Armour
 + Level 9.8 Dodging
 - Level 3.0 Stealth
 + Level 8.1 Unarmed Combat
 - Level 5.0 Spellcasting
 + Level 9.2 Ice Magic
 - Level 3.0 Invocations
 - Level 3.0 Evocations
 + Level 8.8 Shapeshifting


You had 13 spell levels left.
You knew the following spells:

 Your Spells              Type           Power      Damage    Failure   Level
a - Freeze                Ice            100%       1d10      1%          1
b - Ozocubu's Armour      Ice            33%        N/A       1%          3
c - Frozen Ramparts       Ice            66%        1d10      1%          3

Your spell library contained the following spells:

 Spells                   Type           Power      Damage    Failure   Level
 Ensorcelled Hibernation  Hex/Ice        36%        N/A       3%          2
 Foxfire                  Conj/Fire      16%        2x1d4     16%         1
 Blink                    Tloc           8%         N/A       22%         2
 Jinxbite                 Hex            8%         N/A       22%         2
 Lesser Beckoning         Tloc           8%         N/A       22%         2
 Momentum Strike          Conj/Tloc      8%         3d8       22%         2
 Sublimation of Blood     Necr           4%         N/A       22%         2
 Summon Ice Beast         Ice/Summ       18%        N/A       22%         4
 Summon Guardian Golem    Hex/Summ       4%         N/A       41%         3
 Anguish                  Hex/Necr       2%         N/A       83%         4
 Petrify                  Tmut/Erth      4%         N/A       83%         4
 Irradiate                Conj/Tmut      2%         3d12      99%         5
 Plasma Beam              Fire/Air       2%         2x1d12    100%        6
 Starburst                Conj/Fire      2%         6d3       100%        6
 Orb of Destruction       Conj           2%         9d5       100%        7
 Spellforged Servitor     Conj/Summ      2%         N/A       100%        7


Dungeon Overview and Level Annotations

Branches:
Dungeon (11/15)            Temple (1/1) D:5            Lair (0/5) D:10
    Orc (0/2) D:10          Sewer (visited)

Altars:
Ashenzari
Cheibriados
Elyvilon
Fedhas
Gozag
Hepliaklqana
Kikubaaqudgha
Makhleb
Nemelex Xobeh
Okawaru
Qazlal
Ru
Sif Muna
Trog
Uskayaw
Vehumet
Wu Jian
Xom
Yredelemnul
Zin
The Shining One
Lugonu

Shops:
D:1 (   D:4 *   D:10 =

Portals:
Abyss: D:6

Annotations:
D:3 2 transporters, knightboat's ghost, amateur KoEn
D:4 3 exclusions
D:5 1 runed translucent door, Snarg's ghost, novice BaHs
D:6 2 transporters, exclusions: troll and vampire, Pokonic1's ghost, novice DsFE
D:9 6 transporters


Innate Abilities, Weirdness & Mutations

((You are very nimble when in or above water. (Stealth+, EV+, Speed+++)))
Your lower body shifts to a powerful aquatic tail in water.


Message History

You can now pass through a line of other dancers.
You hit the shadow but do no damage.
The shadow is heavily damaged.
The shadow barely misses you.
You hit the shadow but do no damage.
The shadow is heavily damaged.
The shadow hits you.
You hit the shadow.
The shadow is heavily damaged.
You hit the shadow but do no damage.
The shadow is heavily damaged.
The shadow barely misses you.
You hit the shadow.
The shadow is heavily damaged.
The shadow completely misses you.
You hit the shadow but do no damage.
The shadow is heavily damaged.
The shadow hits you.
You closely miss the shadow.
The shadow is heavily damaged.
You completely miss the shadow.
The shadow is heavily damaged.
The shadow slips into darkness.
The shadow flickers and vanishes!
Deactivating autopickup; reactivate with Ctrl-A.
You hit something but do no damage.
The shadow strikes at you from the darkness!
* * * LOW HITPOINT WARNING * * *
Reactivating autopickup.
You hit the shadow.
The shadow is severely damaged.
Your +0 spear of protection goes still.
Your +5 trident of freezing glows with a cold blue light!
j - a +5 trident of freezing (weapon)
The shadow slips into darkness.
The shadow flickers and vanishes!
Deactivating autopickup; reactivate with Ctrl-A.
You hit something.
The shadow strikes at you from the darkness!
You die...

,**
#.....#........,,,,,,,,,*
∩*
#..#.####.#.###****,***,*
,* ##..##.###.#.# *,* *,***
,****#....##.##.#.####***,*
*,,,,
,,,,O.................,,,,*
*****
,,,###.....###....####**,,*
,,,,,..........[.....# *,.*
,***#.#$#.####....##.###..#
,* *,#,#.* ##.@.........#
***
*****,*,#.#######{....##.#*
*,,
,,,,,,,,.$...............#
*,*
***,*,,,..#######.....###*
*,* ,,,,*,,,,,* #.....# *,*
,,,,**,,,,* #.#.### *,*
**,**,*,*,* #.#.# *,*
,,,,,***,,* #####.#.#######
*,* **,**,*,***
#####.#.####### *,*


There were no monsters in sight!

Vanquished Creatures
  Pikel (D:6)
  2 cyclopes
  3 kobold demonologists (D:10)
  A tengu conjurer (D:11)
  A troll (D:10)
  2 hornets
  Sigmund (D:5)
  A vampire (D:8)
  A wraith (D:9)
  3 shadows
  2 wyverns
  A vampire mosquito (D:11)
  12 yaks
  Grum (D:8)
  A steam dragon (D:8)
  7 orc warriors
  A black bear (D:6)
  An ogre (D:10)
  3 wolves (D:8)
  A phantom (D:5)
  4 centaurs
  2 lemures (D:6)
  4 kobold brigands
  5 bullfrogs
  8 scorpions
  4 gnoll sergeants
  8 wights
  17 killer bees
  9 howler monkeys
  6 crimson imps (D:7)
  3 hounds
  3 jellies
  6 orc priests
  A sleepcap (D:6)
  9 iguanas
  11 orc wizards
  13 gnolls
  8 adders
  3 river rats (Sewer)
  A shadow imp (D:7)
  4 white imps
  3 ufetubi (D:6)
  5 worms
  2 dart slugs (D:2)
  46 orcs
  7 bats
  5 endoplasms
  3 giant cockroaches
  9 goblins
  2 hobgoblins
  4 jackals (Sewer)
  A quokka (D:4)
  8 ball pythons
  6 frilled lizards
  12 kobolds
  5 rats
293 creatures vanquished.

Notes
Turn   | Place    | Note
-------+----------+-------------------------------------------
     0 | D:1      | Lobster4 the Merfolk Ice Elementalist began the quest for
                  | the Orb.
     0 | D:1      | Reached XP level 1. HP: 13/13 MP: 3/3
   310 | D:1      | Reached XP level 2. HP: 19/20 MP: 5/5
   501 | D:1      | Found Naweek's Antique Weapon Shop.
  1039 | D:2      | Reached XP level 3. HP: 25/25 MP: 6/6
  1097 | D:2      | Reached skill level 1 in Fighting
  1276 | D:2      | Reached skill level 1 in Shapeshifting
  1626 | D:2      | Reached skill level 1 in Unarmed Combat
  1804 | D:2      | Learned a level 3 spell: Frozen Ramparts
  1885 | D:2      | Reached XP level 4. HP: 16/32 MP: 7/7
  2198 | D:3      | Reached skill level 1 in Short Blades
  2203 | D:3      | Found a transporter.
  2214 | D:3      | Noticed knightboat's ghost (amateur KoEn)
  2216 | D:3      | Found a transporter.
  2266 | D:3      | Reached XP level 5. HP: 25/37 MP: 8/8
  2647 | D:3      | Found a shimmering altar of Xom.
  2901 | D:4      | Found Useotis's General Store.
  2907 | D:4      | Bought a scroll of fear for 48 gold pieces
  2969 | D:4      | Found a glowing drain.
  2976 | Sewer    | Entered a sewer
  2987 | Sewer    | Reached skill level 5 in Ice Magic
  3051 | Sewer    | Noticed a kobold brigand
  3066 | Sewer    | Killed a kobold brigand
  3067 | Sewer    | Reached XP level 6. HP: 45/45 MP: 2/10
  3438 | Sewer    | Reached skill level 1 in Armour
  3733 | D:4      | Found a shimmering blue altar of Sif Muna.
  3814 | D:4      | Reached XP level 7. HP: 51/51 MP: 9/11
  4236 | D:5      | Entered Level 5 of the Dungeon
  4258 | D:5      | Learned a level 3 spell: Ozocubu's Armour
  4298 | D:5      | Found an ornate altar of the Wu Jian Council.
  4382 | D:5      | Found a blossoming altar of Fedhas.
  4407 | D:5      | Found a runed translucent door.
  4441 | D:5      | Noticed Sigmund
  4467 | D:5      | Killed Sigmund
  4617 | D:5      | Noticed Snarg's ghost (novice BaHs)
  4954 | D:5      | Reached XP level 8. HP: 48/58 MP: 13/13
  5084 | D:5      | Found a staircase to the Ecumenical Temple.
  5227 | Temple   | Entered the Ecumenical Temple
  5248 | Temple   | Became a worshipper of Uskayaw the Reveller
  5305 | D:5      | Reached * piety under Uskayaw
  5490 | D:6      | Reached ** piety under Uskayaw
  5492 | D:6      | Reached skill level 1 in Invocations
  5570 | D:6      | Reached skill level 1 in Evocations
  5576 | D:6      | Reached *** piety under Uskayaw
  5579 | D:6      | Reached **** piety under Uskayaw
  5580 | D:6      | Reached skill level 5 in Dodging
  5678 | D:6      | Noticed Pikel
  5790 | D:6      | Found a stormy altar of Qazlal.
  6170 | D:6      | Killed Pikel
  6171 | D:6      | Reached skill level 5 in Shapeshifting
  6171 | D:6      | Reached XP level 9. HP: 49/63 MP: 3/15
  6315 | D:6      | Found a transporter.
  6331 | D:6      | Found a transporter.
  6332 | D:6      | Found a one-way gate to the infinite horrors of the Abyss.
  6332 | D:6      | Noticed Pokonic1's ghost (novice DsFE)
  6463 | D:6      | Noticed a troll
  6750 | D:7      | Identified a scroll of acquirement
  6750 | D:7      | Acquired the scarf of Activism {+Inv, rPois rN+ Slay+5}
  6842 | D:7      | Reached skill level 5 in Unarmed Combat
  7168 | D:6      | Reached skill level 1 in Polearms
  7553 | D:7      | Found a bloodstained altar of Trog.
  7772 | D:7      | Reached skill level 5 in Spellcasting
  7845 | D:7      | Found a glowing silver altar of Zin.
  8023 | D:7      | Reached ***** piety under Uskayaw
  8060 | D:7      | Reached ****** piety under Uskayaw
  8223 | D:7      | Reached XP level 10. HP: 71/71 MP: 10/17
  8404 | D:8      | Reached skill level 1 in Throwing
  8644 | D:8      | Reached skill level 1 in Ranged Weapons
  8690 | D:8      | Noticed a cyclops
  8702 | D:8      | Killed a cyclops
  8999 | D:8      | Noticed Grum
  9008 | D:8      | Killed Grum
  9016 | D:8      | Reached skill level 5 in Fighting
  9194 | D:8      | Noticed a two-headed ogre
  9563 | D:9      | Found a transporter.
  9566 | D:9      | Found a transporter.
  9607 | D:9      | Found a transporter.
  9612 | D:9      | Found a transporter.
  9681 | D:9      | Reached skill level 5 in Polearms
  9683 | D:9      | Reached XP level 11. HP: 79/79 MP: 12/18
 10101 | D:9      | Found a sacrificial altar of Ru.
 10101 | D:9      | Found a faded altar of an unknown god.
 10109 | D:9      | Found a faded altar of an unknown god.
 10111 | D:9      | Found a glowing golden altar of the Shining One.
 10113 | D:9      | Found a broken altar of Ashenzari.
 10203 | D:9      | Found a transporter.
 10212 | D:9      | Found a transporter.
 10347 | D:10     | Entered Level 10 of the Dungeon
 10414 | D:10     | Found a staircase to the Lair.
 10842 | D:10     | Found a corrupted altar of Lugonu.
 10998 | D:10     | Found Higouf's Jewellery Shoppe.
 11008 | D:10     | Bought an amulet of reflection for 420 gold pieces
 11409 | D:10     | Found a staircase to the Orcish Mines.
 11730 | D:11     | Noticed a two-headed ogre
 11740 | D:11     | Noticed a cyclops
 11747 | D:11     | Noticed a cyclops
 11752 | D:11     | Killed a cyclops
 11945 | D:11     | Demolished by a shadow

Illustrated notes

Levels and vault maps discovered:
D:1:      ncdulo_watergridlock, layout_basic, serial_shops, shop,
          serial_bayou_lagoon_a
D:2:      layout_loops_corners
D:3:      layout_basic, mainiacjoe_overflow_cross_hatched,
          gammafunk_ghost_mausoleum
D:4:      layout_basic, nicolae_sif_muna_little_library, serial_shops,
          nicolae_square_shop, gup_sewer_entry_bubbles, item_on_display_a
D:5:      layout_gridville, fedhas_altar_4, pdpol_wu_jian_five_deadly_venoms,
          minmay_temple_entry_offerings, gammafunk_ghost_grave, uniq_sigmund
D:6:      minmay_chambers_of_sixes, layout_loops_cross,
          mainiacjoe_overflow_catwalk, gammafunk_ghost_abyssal_escape,
          uniq_pikel
D:7:      layout_cave_pools, trog_butcher_becter,
          nicolae_overflow_hidden_temple, minmay_nine_imps
D:8:      minmay_distorted_concentric_squares, layout_cave_pools, uniq_grum
D:9:      layout_irregular_city, chequers_temple_overflow_minitemple,
          serial_nicolae_subway, nicolae_sub_station_stone,
          nicolae_sub_station_crystal, nicolae_sub_station_metal
D:10:     kennysheep_kobold_lugonu_temple, layout_irregular_city,
          dpeg_oklobed_lair, kennysheep_orc_monster_closet_entryway,
          serial_shops, nicolae_shop_trees
D:11:     layout_loops_ring, gauntlet_entry_generic, minmay_crystal_water,
          nicolae_doodle_vault
Temple:   hellmonk_temple_of_storms

Skill      XL: |  1  2  3  4  5  6  7  8  9 10 11 |
---------------+----------------------------------+-----
Dodging        | 3 4 5 6 8 9 |  9.8
Fighting       | 1 2 3 4 5 |  5.0
Shapeshifting  | 1 2 3 5 6 7 8 |  8.8
Unarmed Combat | 1 2 3 4 5 6 8 |  8.1
Short Blades   | 1 2 |  2.0
Stealth        | 3 |  3.0
Ice Magic      | 5 6 7 8 9 |  9.2
Spellcasting   | 3 4 5 |  5.0
Armour         | 1 2 3 |  3.0
Invocations    | 2 3 |  3.0
Evocations     | 2 3 |  3.0
Polearms       | 2 5 7 |  7.4
Throwing       | 1 |  1.0
Ranged Weapons | 1 |  1.0

Action                     |  1- 3 |  4- 6 |  7- 9 | 10-12 || total
---------------------------+-------+-------+-------+-------++-------
  Melee: Short sword       |    81 |   110 |   206 |    64 ||   461
         Dagger            |    17 |       |       |       ||    17
         Tailslap          |       |     8 |       |       ||     8
         Staff             |       |     3 |       |       ||     3
         Punch             |       |     4 |    14 |     9 ||    27
         Spear             |       |       |   116 |    33 ||   149
         Trident           |       |       |       |   163 ||   163
   Fire: Arbalest          |       |       |       |    14 ||    14
  Throw: Dart              |       |       |     7 |     9 ||    16
         Javelin           |       |       |     6 |     2 ||     8
         Boomerang         |       |       |    29 |    10 ||    39
   Cast: Freeze            |     1 |    42 |    14 |       ||    57
         Ozocubu's Armour  |       |       |    33 |    32 ||    65
         Frozen Ramparts   |       |       |    25 |    31 ||    56
  Evoke: Wand              |       |       |       |     8 ||     8
    Use: Scroll            |       |    11 |     8 |     5 ||    24
         Potion            |       |       |     2 |     2 ||     4
   Stab: Sleeping          |     9 |    11 |     6 |     1 ||    27
         Paralysed         |       |       |    14 |    19 ||    33
 Armour: Robe              |    54 |    23 |       |       ||    77
         Leather armour    |       |    16 |   218 |    21 ||   255
         Steam dragon scal |       |       |       |   115 ||   115
  Dodge: Dodged            |    62 |    72 |   218 |   183 ||   535
  Block: Other             |       |       |       |     7 ||     7
         Reflection        |       |       |       |     1 ||     1

Table legend: (Time is in decaauts)
 A = Elapsed time spent in this place.
 B = Non-inter-level travel time spent in this place.
 C = Inter-level travel time spent in this place.
 D = Time resting spent in this place.
 E = Time spent auto-exploring this place.
 F = Levels seen in this place.
 G = Mean time per level.
                   A        B        C        D        E       F      G
               +--------+--------+--------+--------+--------+-----+--------+
         Total |  11791 |  11118 |    673 |   1126 |   7094 |  13 |  907.0 |
       Dungeon |  11180 |  10546 |    634 |   1023 |   6822 |  11 | 1016.4 |
        Temple |     43 |      4 |     39 |      0 |      0 |   1 |   43.0 |
         Sewer |    567 |    567 |      0 |    103 |    271 |   1 |  567.0 |
               +--------+--------+--------+--------+--------+-----+--------+

Top non-repeatable levels by time:
     D:6: 1903 daAuts
    D:10: 1262 daAuts
     D:5: 1175 daAuts
     D:2: 1165 daAuts
     D:9: 1128 daAuts
     D:7: 981 daAuts
     D:8: 970 daAuts
     D:3: 797 daAuts
     D:4: 782 daAuts
     D:1: 763 daAuts
   Sewer: 567 daAuts
    D:11: 250 daAuts
  Temple: 43 daAuts
